 Dungeon Crawl Stone Soup version 0.29.1-14-g9c671dbff4 (webtiles) character file.

Game seed: 305015810247142654

13 raph the Shield-Bearer (level 2, 26/26 HPs)
             Began as a Minotaur Fighter on Feb 14, 2023.
             Was a Follower of Vehumet.
             Got out of the dungeon alive.
             The game lasted 00:00:57 (1032 turns).

raph the Shield-Bearer (Minotaur Fighter)           Turns: 1032, Time: 00:00:57

Health: 26/26      AC:  6    Str: 20    XL:     2   Next: 24%
Magic:  1/1        EV:  9    Int:  5    God:    Vehumet [*.....]
Gold:   46         SH:  4    Dex:  9    Spells: 1/1 levels left

rFire   . . .      SeeInvis .   a - +0 long sword
rCold   . . .      Faith    +   c - +0 buckler
rNeg    . . .      Spirit   .   b - +0 scale mail
rPois   .          Reflect  .   (helmet restricted)
rElec   .          Harm     .   (no cloak)
rCorr   .          Rampage  .   (no gloves)
Will    .....                   (no boots)
Stlth   ..........              f - amulet of faith
HPRegen 0.08/turn               (no ring)
MPRegen 0.07/turn               (no ring)

@: no status effects
A: horns 2, retaliatory headbutt
a: Renounce Religion


You escaped.
You worshipped Vehumet.
Vehumet was aware of your devotion.
You visited 1 branch of the dungeon, and saw 1 of its levels.

You collected 46 gold pieces.

Inventory:

Hand Weapons
 a - a +0 long sword (weapon)
Missiles
 h - 2 javelins (quivered)
Armour
 b - a +0 scale mail (worn)
 c - a +0 buckler (worn)
Jewellery
 f - an amulet of faith (around neck)
Potions
 d - a potion of might
 e - a potion of ambrosia {unknown}
 g - a potion of curing {unknown}
 i - a potion of heal wounds {unknown}


   Skills:
 - Level 3.6 Fighting
 + Level 3.6 Long Blades
 - Level 3.6 Armour
 - Level 3.6 Shields


You had one spell level left.
You didn't know any spells.
Your spell library contained the following spells:

 Spells                   Type           Power      Damage    Failure   Level
 Sandblast                Erth           0%         2d4       89%         1
 Sublimation of Blood     Necr           0%         N/A       96%         2
 Wereblood                Tmut           0%         N/A       96%         2
 Summon Hydra             Summ           0%         N/A       100%        7


Dungeon Overview and Level Annotations

Branches:
Dungeon (1/15)

Altars:
Vehumet

Shops:
D:1 [


Innate Abilities, Weirdness & Mutations

You have a pair of horns on your head.
You reflexively headbutt those who attack you in melee.


Message History

You open the door.
There is an open door here.
A giant cockroach comes into view.
You hit the giant cockroach.
You kill the giant cockroach!
No target in view!
No target in view!
No target in view!
No target in view!
No target in view!
You see here a giant cockroach corpse.
There is an open door here.
There is an open door here.
You enter the shallow water.
Moving in this stuff is going to be slow.
Found a spear.
You see here a +0 spear.
You see here a +0 falchion.
i - a fizzy black potion You see here a +0 short sword.
There is an open door here.
There is a faded altar of an unknown god here.
You cannot tell which god this altar belongs to.
Convert to them anyway?
Okay, then.
You cannot tell which god this altar belongs to.
Convert to them anyway?
Vehumet accepts your prayer! Vehumet welcomes you!
Your amulet flashes!
You can now gain magical power from killing.
Vehumet offers you knowledge of Sandblast.
There is an open door here.
You see here a +0 short sword.
You see here a +0 falchion.
There is a stone staircase leading down here.
Done exploring.
Okay, then.
There is a stone staircase leading down here.
There is a staircase leading out of the dungeon here.
Are you sure you want to leave the Dungeon?
This will make you lose the game!
You have escaped!

### #.# #.###.#.## #.#
###########.# ##.##.###.####.#
.......>..#.# #...)## ##.....#
#########.#.###..##.###.######
#.#......###.#.##
#.###########..#######
#########.# ###.....###......#
........#.###.........######.#
#######.#.##....@#.....## #.#
.# #.....#.....###.....# #.#
.####.#.###.....# #.....## #.#
.........#.....## ##.....# #.#
.........#..#..# #..#..# #.####
....#.#.##..#..# #..#..# #.##..
###.#.#..#.....## ##.....#
#.##.# #.#.#####.....# #.....##
#.##.#
#.#.#####.....###.....####.##.#


There were no monsters in sight!

Vanquished Creatures
  A bat (D:1)
  2 endoplasms (D:1)
  A giant cockroach (D:1)
  2 goblins (D:1)
  2 hobgoblins (D:1)
  A frilled lizard (D:1)
  A kobold (D:1)
  A rat (D:1)
11 creatures vanquished.

Notes
Turn   | Place    | Note
-------+----------+-------------------------------------------
     0 | D:1      | raph the Minotaur Fighter began the quest for the Orb.
     0 | D:1      | Reached XP level 1. HP: 19/19 MP: 0/0
   534 | D:1      | Reached XP level 2. HP: 26/26 MP: 1/1
   534 | D:1      | Found Vujeqawn's Armour Emporium.
   625 | D:1      | Found a faded altar of an unknown god.
   857 | D:1      | Prayed at the altar of an unknown god.
   857 | D:1      | Became a worshipper of Vehumet
   857 | D:1      | Reached * piety under Vehumet
   857 | D:1      | Offered knowledge of Sandblast by Vehumet.
  1032 | D:$      | Got out of the dungeon alive.

Illustrated notes

Levels and vault maps discovered:
D:1:      minmay_arrival_loop, layout_loops_ring, serial_shops, shop,
          shapermc_ecumenical_altar_notcrosses, chequers_serial_rivers_marsh,
          nrook_uturn

Skill      XL: |  1 |
---------------+----+-----
Long Blades    | 3 |  3.6
Fighting       | |  3.6
Armour         | |  3.6
Shields        | |  3.6

Action                   || total
-------------------------++-------
Melee: Long sword        ||    29
       Headbutt          ||     2
Armor: Scale mail        ||     9
Dodge: Dodged            ||     8
Block: Buckler           ||     8
